 Dungeon Crawl Stone Soup version 0.24.0-1-gfbc8707122 (webtiles) character file.

Game seed: 6097093445420247153, levelgen mode: classic

12 EnegeticOcto the Sneak (level 2, -1/18 HPs)
             Began as an Octopode Air Elementalist on Oct 27, 2019.
             Slain by a goblin (4 damage)
             ... on level 1 of the Dungeon.
             The game lasted 00:00:29 (487 turns).

EnegeticOcto the Sneak (Octopode Air Elementalist)   Turns: 487, Time: 00:00:30

Health: -1/18      AC:  1    Str:  7    XL:     2   Next: 33%
Magic:  4/5        EV: 13    Int: 17    God:
Gold:   29         SH:  0    Dex: 12    Spells: 4/5 levels left

rFire    . . .     SeeInvis .   (no weapon)
rCold    . . .     Gourm    .   (no shield)
rNeg     . . .     Faith    .   (helmet restricted)
rPois    .         Spirit   .   (no amulet)
rElec    .         Reflect  .   (no ring)
rCorr    .         Harm     .   (no ring)
MR       .....                  (no ring)
Stlth    +++.......             (no ring)
HPRegen  0.06/turn              (no ring)
MPRegen  0.09/turn              (no ring)
                                (no ring)
                                (no ring)

@: no status effects
A: almost no armour, stealthy swim, amphibious, 8 rings, constrict 8, camouflage
1, gelatinous body 1
a: no special abilities


You were on level 1 of the Dungeon.
You were not hungry.

You visited 1 branch of the dungeon, and saw 1 of its levels.

You collected 29 gold pieces.

Inventory:

Jewellery
 f - a cursed ring of attention {unknown}
Scrolls
 d - a scroll of enchant weapon {unknown}
Potions
 a - a potion of lignification {unknown}
 b - a potion of brilliance {unknown}
Comestibles
 c - 3 chunks of flesh
 e - a ration


   Skills:
 + Level 0.9 Fighting
 + Level 2.3 Dodging
 + Level 3.2 Stealth
 - Level 2.0 Spellcasting
 - Level 1.0 Conjurations
 - Level 3.0 Air Magic


You had 4 spell levels left.
You knew the following spells:

 Your Spells              Type           Power        Failure   Level  Hunger
a - Shock                 Conj/Air       #...         9%          1    #......

Your spell library contained the following spells:

 Spells                   Type           Power        Failure   Level  Hunger
 Swiftness                Chrm/Air       #.......     16%         2    ###....
 Static Discharge         Conj/Air       #.......     26%         3    ###....
 Airstrike                Air            ##........   50%         4    #####..
 Lightning Bolt           Conj/Air       #.........   93%         5    ######.


Dungeon Overview and Level Annotations

Branches:
Dungeon (1/15)

Altars:


Innate Abilities, Weirdness & Mutations

You cannot wear most types of armour.
You are very stealthy in the water. (Stealth+)
You are amphibious.
You can wear up to eight rings at the same time.
You can use your tentacles to constrict eight enemies at once.
Your skin changes colour to match your surroundings (Stealth+).
Your rubbery body absorbs attacks. (AC +1, EV +1)


Message History

The dart slug is almost dead.
You constrict the dart slug.
You kill the dart slug!
You have reached level 2!
The rat bites you.
You tentacle-slap the rat but do no damage.
Your grab misses the rat. The rat bites you.
You closely miss the rat. Your grab misses the rat.
Your squeeze misses the rat. The rat bites you but does no damage.
You tentacle-slap the rat. You grab the rat. You squeeze the rat.
You kill the rat!
No target in view!
No target in view!
No target in view!
You butcher the rat corpse.
c - a chunk of flesh You see here a rat skeleton. x2
You butcher the dart slug corpse.
c - 3 chunks of flesh (gained 2)
A hobgoblin comes into view.
A hobgoblin is nearby!
A hobgoblin is nearby!
A hobgoblin is nearby!
Found a silver ring.
You see here 17 gold pieces.
The hobgoblin completely misses you.
You barely miss the hobgoblin. Your grab misses the hobgoblin.
The hobgoblin barely misses you.
You barely miss the hobgoblin. You grab the hobgoblin.
You constrict the hobgoblin. The hobgoblin misses you.
You tentacle-slap the hobgoblin but do no damage.
The hobgoblin is lightly wounded.
You constrict the hobgoblin, but do no damage.
The hobgoblin closely misses you.
You tentacle-slap the hobgoblin but do no damage.
The hobgoblin is lightly wounded.
You constrict the hobgoblin, but do no damage.
The hobgoblin hits you.
You tentacle-slap the hobgoblin.
The hobgoblin is moderately wounded.
You constrict the hobgoblin. The hobgoblin hits you.
You tentacle-slap the hobgoblin.
The hobgoblin is almost dead.
You constrict the hobgoblin.
You kill the hobgoblin!
No target in view!
No target in view!
You now have 29 gold pieces (gained 17).
d - a scroll labeled COEXER HUCARI A goblin and a dart slug come into view.
The goblin shouts!
You hear a shout!
A kobold comes into view.
You hear an angry hiss.
A ball python and a rat come into view.
The ball python moves out of view.
You see here a silver ring.
You tentacle-slap the dart slug but do no damage.
You grab the dart slug.
You constrict the dart slug, but do no damage.
The dart slug barely misses you.
You tentacle-slap the dart slug but do no damage.
You constrict the dart slug. You tentacle-slap the dart slug.
The dart slug is moderately wounded.
You constrict the dart slug. The goblin closely misses you.
The dart slug misses you.
You tentacle-slap the dart slug but do no damage.
The dart slug is moderately wounded.
You constrict the dart slug. The goblin hits you. The dart slug bites you.
You tentacle-slap the dart slug.
You squeeze the dart slug, but do no damage.
The dart slug is heavily wounded.
You constrict the dart slug. The goblin misses you.
A kobold comes into view. It is wielding a +0 club.
The kobold closely misses you.
You tentacle-slap the dart slug. You squeeze the dart slug.
You kill the dart slug!
The goblin hits you. The kobold hits you.
You closely miss the goblin. You grab the goblin. You constrict the goblin.
The goblin hits you. The rat bites you but does no damage. The kobold hits you.
You are too injured to fight recklessly!
You are too injured to fight recklessly!
You are too injured to fight recklessly!
You are too injured to fight recklessly!
You are too injured to fight recklessly!
You release your grip on the goblin.
You see here a silver ring.
f - a silver ring The goblin hits you.
* * * LOW HITPOINT WARNING * * *
The rat barely misses you. The kobold hits you.
* * * LOW HITPOINT WARNING * * *
The goblin closely misses you.
Casting: Shock (safe; 9% risk of failure)
Confirm with . or Enter, or press ? or * to list all spells.
Aiming: Shock (safe; 9% risk of failure)
Press: ? - help, Shift-Dir - straight line, f - goblin
Aim: a goblin The zap misses the goblin.
The goblin hits you.
You die...

##...........######..# ####...#.#
.#...........#######.###......(.#
.....÷...........###.##..#.######
.#.........[............#..#
#....................#...##
#............[.......#.###
##.......######...##...##
##.....## #...####..# . ###.###
#@#.####..# .#####.#
#g#.#.....######## .......#
####.#...#..........# .......#
##..K.#.÷............#
.......#####..##...##...........#
............K....####...........#
.......##..r....## #....÷......#
.......##K####.## ##....).....#
..........# #.# #..........#


You could see a goblin and a kobold.

Vanquished Creatures
  2 dart slugs (D:1)
  A ball python (D:1)
  A bat (D:1)
  2 hobgoblins (D:1)
  2 rats (D:1)
8 creatures vanquished.

Notes
Turn   | Place    | Note
-------+----------+-------------------------------------------
     0 | D:1      | EnegeticOcto the Octopode Air Elementalist began the quest
                  | for the Orb.
     0 | D:1      | Reached XP level 1. HP: 11/11 MP: 3/3
   315 | D:1      | Reached XP level 2. HP: 18/18 MP: 5/5
   487 | D:1      | Slain by a goblin

Levels and vault maps discovered:
D:1:      dpeg_arrival_rooms_c, layout_rooms

Skill      XL: |  1 |
---------------+----+-----
Stealth        | 3 |  3.2
Fighting       | |  0.9
Dodging        | |  2.3
Spellcasting   | |  2.0
Conjurations   | |  1.0
Air Magic      | |  3.0

Action                   || total
-------------------------++-------
Melee: Unarmed           ||    30
       Constrict         ||    10
       Tentacles         ||     5
 Cast: Shock             ||     4
 Stab: Sleeping          ||     3
Armor: Skin              ||     3
Dodge: Dodged            ||    25
